Flames vs Sabres
Created - February 23, 2024 at 09:10
Goals
|
| Flames |
1 |
1 |
1 |
1 |
4 |
| Sabres |
1 |
1 |
1 |
0 |
3 |
|
Shots
|
| Flames |
12 |
18 |
7 |
1 |
38 |
| Sabres |
4 |
7 |
2 |
0 |
13 |
|
1st period
1. Flames , Patrik Berglund 20 (Jimmy Hayes 32) at 3:36
2. Sabres , Joe Pavelski 9 (Hampus Lindholm 48, Logan Couture 11) at 19:19
Penalties :
Christian Folin (Cal) for Holding Stick (Minor) at 9:30
2nd period
3. Flames , Eric Staal 28 (Bryan Rust 21, Brad Marchand 23) at 9:45
4. Sabres , Kevin Shattenkirk 5 (Hampus Lindholm 49, Logan Couture 12) at 19:25
Penalties :
Erik Johnson (Cal) for Tripping (Minor) at 10:38, Joe Pavelski (Buf) for High sticking (Minor) at 11:31
3rd period
5. Sabres , Tyler Johnson 27 (Nate Schmidt 12, Evgeni Malkin 16) at 3:25 (PP)
6. Flames , Jimmy Hayes 9 (Sami Vatanen 15) at 19:45 (PP)
Penalties :
Jake DeBrusk (Cal) for Delaying the game (Minor) at 2:43, Evgeni Malkin (Buf) for Tripping (Minor) at 5:32, Kevin Shattenkirk (Buf) for Hooking (Minor) at 19:32
Overtime #1
7. Flames , Bryan Rust 15 (Eric Staal 31) at 0:04 (PP)
Penalties :
Nino Niederreiter (Buf) for Hooking (Minor) at 0:03
Goalie Stats
Christopher Gibson (Cal), 10 saves from 13 shots - (0.769), W, 22-10-1, 59:24 minutes
John Gibson (Buf), 34 saves from 38 shots - (0.895), OTL, 24-17-5, 60:04 minutes
Players Stats for Flames
Player Name G A P +/- PIM S H SB GA TA FO MP PP MP PK MP
------------------------------------------------------------------------------------
Anders Lee 0 0 0 0 0 3 2 0 0 0 1/4 10:50 0:00 0:00
Brad Marchand 0 1 1 0 0 4 4 1 0 0 0/1 19:58 0:00 2:24
Bryan Rust 1 1 2 0 0 2 0 0 1 0 2/3 19:04 0:00 1:10
Christian Folin 0 0 0 0 2 0 2 0 0 2 0/0 19:08 1:11 0:44
Colby Robak 0 0 0 1 0 0 2 0 1 0 0/0 13:11 0:00 1:06
Colin Wilson 0 0 0 -1 0 0 0 0 0 0 1/2 10:52 0:00 0:00
David Savard 0 0 0 1 0 0 1 0 0 0 0/0 12:44 0:00 1:06
David Ullstrom 0 0 0 0 0 2 0 0 0 1 0/0 10:58 0:00 0:24
Eric Staal 1 1 2 0 0 5 1 0 0 1 15/31 19:59 1:35 0:43
Erik Johnson 0 0 0 -1 2 1 1 3 0 0 0/0 27:49 1:54 1:44
Esa Lindell 0 0 0 0 0 2 0 4 1 0 0/0 18:19 1:11 0:00
Jake DeBrusk 0 0 0 -1 2 0 3 0 0 0 0/0 12:25 1:30 0:00
Jimmy Hayes 1 1 2 1 0 3 1 0 1 0 0/0 15:52 1:50 0:00
Kevin Labanc 0 0 0 -1 0 1 0 1 3 0 0/0 12:11 1:15 0:00
Kyle Palmieri 0 0 0 0 0 4 0 0 0 0 0/0 10:01 0:00 0:00
Patrik Berglund 1 0 1 1 0 6 2 0 0 0 3/14 17:44 1:15 2:27
Sami Vatanen 0 1 1 -1 0 3 3 1 0 0 0/0 28:57 1:54 2:28
Tanner Pearson 0 0 0 1 0 2 3 0 0 0 0/0 15:27 1:50 0:00
Players Stats for Sabres
Player Name G A P +/- PIM S H SB GA TA FO MP PP MP PK MP
------------------------------------------------------------------------------------
Ben Hutton 0 0 0 -1 0 0 0 0 0 0 0/0 13:03 0:00 0:13
Brian Ferlin 0 0 0 0 0 0 0 0 0 0 0/0 1:26 0:00 0:00
Drew Miller 0 0 0 0 0 0 3 0 0 0 0/0 12:54 0:00 1:38
Evgeni Malkin 0 1 1 0 2 0 1 0 0 0 14/23 18:05 2:25 0:03
Hampus Lindholm 0 2 2 1 0 0 1 1 2 0 0/0 24:55 1:36 1:32
Jamie Arniel 0 0 0 0 0 1 2 0 0 0 1/5 14:31 0:00 1:38
Joe Pavelski 1 0 1 0 2 2 0 1 0 1 0/1 20:14 1:57 0:00
Kevin Shattenkirk 1 0 1 1 2 3 1 1 0 1 0/0 24:45 1:36 1:19
Kyle Okposo 0 0 0 0 0 1 1 0 0 0 0/1 15:40 0:00 1:19
Logan Couture 0 2 2 0 0 0 0 0 0 0 10/12 15:38 1:09 0:57
Michael Matheson 0 0 0 -1 0 1 1 1 0 2 0/0 12:50 0:00 0:00
Nate Schmidt 0 1 1 0 0 0 1 0 0 2 0/0 22:15 1:58 1:33
Nikita Zaitsev 0 0 0 0 0 0 1 2 0 0 0/0 20:12 0:00 1:33
Nino Niederreiter 0 0 0 0 2 3 1 0 2 0 0/1 22:46 2:25 0:29
Sam Gagner 0 0 0 0 0 1 0 0 0 1 2/2 12:29 1:09 0:00
Timo Meier 0 0 0 0 0 0 4 0 0 0 0/0 14:21 1:09 0:00
Tyler Johnson 1 0 1 0 0 1 1 1 0 0 1/2 18:38 2:25 0:00
William Karlsson 0 0 0 0 0 0 0 0 0 0 5/8 11:15 0:00 0:06
3 Stars
1 - Jimmy Hayes (Cal)
2 - Eric Staal (Cal)
3 - Patrik Berglund (Cal)
Power Play
Flames - 2 on 4 Attempt(s) - 50.00%
Sabres - 1 on 3 Attempt(s) - 33.33%
Penalty Kill
Flames - 2 on 3 Attempt(s) - 66.67%
- Score 0 goal in Penalty Kill
Sabres - 2 on 4 Attempt(s) - 50.00%
- Score 0 goal in Penalty Kill
Team Stat
Flames - Hits : 25 - Faceoff Wins : 22 - Blocked Shots : 10 - Penalty Minutes : 6
Sabres - Hits : 18 - Faceoff Wins : 33 - Blocked Shots : 7 - Penalty Minutes : 8
Official
Referees : Chris Schlenker and Dan O'Rourke
Linesman : Kyle Flemington and Devin Berg
Game Notes
Brian Ferlin is injured at 5:37 of 1st period (Back Spasms)
Finance
Level 1 -- Attendance: 12800 (40.00%) -- Ticket Income $1,280,000
Level 2 -- Attendance: 5000 (100.00%) -- Ticket Income $300,000
Level 3 -- Attendance: 2000 (100.00%) -- Ticket Income $70,000
Level 4 -- Attendance: 4000 (100.00%) -- Ticket Income $100,000
Luxury Box -- Attendance: 1000 (100.00%) -- Ticket Income $200,000
Game was played at the Key Bank Center.
Total Attendance: 24800 (56.36%)
Total Ticket Income: $1,950,000
Other Income: $292,500
Total Income: $2,242,500
Flames
5 vs 5 Forward
Center Left Wing Right Wing Time % Phy DF OF
1 Eric Staal Brad Marchand Bryan Rust 40 1 2 2
2 Patrik Berglund Tanner Pearson Jimmy Hayes 30 1 2 2
3 Colin Wilson Jake DeBrusk Kevin Labanc 20 1 2 2
4 Anders Lee David Ullstrom Kyle Palmieri 10 1 2 2
5 vs 5 Defense
Defense Defense Time % Phy DF OF
1 Erik Johnson Sami Vatanen 40 1 2 2
2 Esa Lindell Christian Folin 30 1 2 2
3 Colby Robak David Savard 20 1 2 2
4 Erik Johnson Sami Vatanen 10 1 2 2
PowerPlay Forward
Center Left Wing Right Wing Time % Phy DF OF
1 Eric Staal Tanner Pearson Jimmy Hayes 60 1 1 3
2 Patrik Berglund Jake DeBrusk Kevin Labanc 40 1 1 3
PowerPlay Defense
Defense Defense Time % Phy DF OF
1 Erik Johnson Sami Vatanen 60 1 1 3
2 Esa Lindell Christian Folin 40 1 1 3
Penalty Kill 4 Players Forward
Center Wing Time % Phy DF OF
1 Patrik Berglund Brad Marchand 60 1 2 2
2 Eric Staal Bryan Rust 40 1 2 2
Penalty Kill 4 Players Defense
Defense Defense Time % Phy DF OF
1 Erik Johnson Sami Vatanen 60 1 2 2
2 Colby Robak Christian Folin 40 1 2 2
Penalty Kill - 3 Players Forward
Forward Time % Phy DF OF
1 Eric Staal 60 1 2 2
2 Patrik Berglund 40 1 2 2
Penalty Kill - 3 Players Defense
Defense Defense Time % Phy DF OF
1 Erik Johnson Sami Vatanen 60 1 2 2
2 Colby Robak Christian Folin 40 1 2 2
4 vs 4 Forward
Center Wing Time % Phy DF OF
1 Eric Staal Bryan Rust 60 1 2 2
2 Patrik Berglund Brad Marchand 40 1 2 2
4 vs 4 Defense
Defense Defense Time % Phy DF OF
1 Erik Johnson Sami Vatanen 60 1 2 2
2 Esa Lindell Christian Folin 40 1 2 2
Last Minutes Offensive
Center Left Wing Right Wing Defense Defense
Eric Staal Brad Marchand Bryan Rust Erik Johnson Sami Vatanen
Last Minutes Defensive
Center Left Wing Right Wing Defense Defense
Eric Staal Brad Marchand Bryan Rust Erik Johnson Sami Vatanen
Goaltenders
Starting : Christopher Gibson
Backup : Henrik Lundqvist
Extra Forwards
Normal : Tanner Pearson, Jimmy Hayes, Patrik Berglund - PP : Jake DeBrusk, Anders Lee - PK : Bryan Rust
Extra Defensemen
Normal : Colby Robak, Esa Lindell, Christian Folin - PP : Esa Lindell - PK : Christian Folin, David Savard
Penalty Shots
Eric Staal, Tanner Pearson, Jimmy Hayes, Kyle Palmieri, Patrik Berglund
Custom OT Lines Forwards
Eric Staal, Tanner Pearson, Patrik Berglund, Jimmy Hayes, Bryan Rust, Brad Marchand, Colin Wilson, Jake DeBrusk, Kevin Labanc, Kyle Palmieri
Custom OT Lines Defensemen
Erik Johnson, Sami Vatanen, Christian Folin, Esa Lindell, Colby Robak
Scratches
Chris Brown (Healthy), Mathieu Brodeur (Healthy), Matthew Nieto (Healthy), Victor Rask (Healthy)
Sabres
5 vs 5 Forward
Center Left Wing Right Wing Time % Phy DF OF
1 Evgeni Malkin Nino Niederreiter Tyler Johnson 40 1 2 2
2 Logan Couture Timo Meier Joe Pavelski 30 1 2 2
3 William Karlsson Sam Gagner Kyle Okposo 20 1 2 2
4 Jamie Arniel Drew Miller Brian Ferlin 10 1 2 2
5 vs 5 Defense
Defense Defense Time % Phy DF OF
1 Kevin Shattenkirk Hampus Lindholm 40 1 2 2
2 Nate Schmidt Nikita Zaitsev 35 1 2 2
3 Michael Matheson Ben Hutton 25 1 2 2
4 Kevin Shattenkirk Hampus Lindholm 0 1 2 2
PowerPlay Forward
Center Left Wing Right Wing Time % Phy DF OF
1 Evgeni Malkin Nino Niederreiter Tyler Johnson 60 1 2 2
2 Logan Couture Sam Gagner Timo Meier 40 1 2 2
PowerPlay Defense
Defense Defense Time % Phy DF OF
1 Kevin Shattenkirk Hampus Lindholm 60 1 2 2
2 Nate Schmidt Joe Pavelski 40 1 2 2
Penalty Kill 4 Players Forward
Center Wing Time % Phy DF OF
1 Jamie Arniel Brian Ferlin 60 1 2 2
2 William Karlsson Drew Miller 40 1 2 2
Penalty Kill 4 Players Defense
Defense Defense Time % Phy DF OF
1 Kevin Shattenkirk Hampus Lindholm 60 1 2 2
2 Nate Schmidt Nikita Zaitsev 40 1 2 2
Penalty Kill - 3 Players Forward
Forward Time % Phy DF OF
1 Jamie Arniel 60 1 2 2
2 William Karlsson 40 1 2 2
Penalty Kill - 3 Players Defense
Defense Defense Time % Phy DF OF
1 Kevin Shattenkirk Hampus Lindholm 60 1 2 2
2 Nate Schmidt Nikita Zaitsev 40 1 2 2
4 vs 4 Forward
Center Wing Time % Phy DF OF
1 Tyler Johnson Nino Niederreiter 60 1 2 2
2 Evgeni Malkin Kyle Okposo 40 1 2 2
4 vs 4 Defense
Defense Defense Time % Phy DF OF
1 Kevin Shattenkirk Hampus Lindholm 60 1 2 2
2 Nate Schmidt Nikita Zaitsev 40 1 2 2
Last Minutes Offensive
Center Left Wing Right Wing Defense Defense
Evgeni Malkin Nino Niederreiter Tyler Johnson Kevin Shattenkirk Hampus Lindholm
Last Minutes Defensive
Center Left Wing Right Wing Defense Defense
Evgeni Malkin Nino Niederreiter Tyler Johnson Kevin Shattenkirk Hampus Lindholm
Goaltenders
Starting : John Gibson
Backup : Cam Talbot
Extra Forwards
Normal : Joe Pavelski, Nino Niederreiter, Evgeni Malkin - PP : Kyle Okposo, William Karlsson - PK : Kyle Okposo
Extra Defensemen
Normal : Michael Matheson, Hampus Lindholm, Kevin Shattenkirk - PP : Michael Matheson - PK : Ben Hutton, Nate Schmidt
Penalty Shots
Tyler Johnson, Nino Niederreiter, Evgeni Malkin, Kyle Okposo, Sam Gagner
Custom OT Lines Forwards
Tyler Johnson, Nino Niederreiter, Evgeni Malkin, Kyle Okposo, Sam Gagner, Logan Couture, Joe Pavelski, Brian Ferlin, Drew Miller, Jamie Arniel
Custom OT Lines Defensemen
Kevin Shattenkirk, Hampus Lindholm, Nate Schmidt, Nikita Zaitsev, Michael Matheson
Scratches
None
% Time on Ice - Flames
Lines # - Real PCT - Wanted PCT - Time Play
Normal Forward
1 - 33% - 40% - 16:55
2 - 27% - 30% - 13:39
3 - 21% - 20% - 10:52
4 - 19% - 10% - 10:01
Normal Defense
1 - 39% - 40% - 20:10
2 - 32% - 30% - 16:29
3 - 23% - 20% - 11:38
4 - 6% - 10% - 3:10
PP Forward
1 - 59% - 60% - 1:50
2 - 41% - 40% - 1:15
PP Defense
1 - 62% - 60% - 1:54
2 - 38% - 40% - 1:11
PK Forward
1 - 80% - 60% - 2:51
2 - 20% - 40% - 0:43
PK Defense
1 - 73% - 60% - 2:37
2 - 27% - 40% - 0:57
PK3 Forward
1 - 0% - 60%
2 - 0% - 40%
PK3 Defense
1 - 0% - 60%
2 - 0% - 40%
44 Forward
1 - 67% - 60% - 0:44
2 - 33% - 40% - 0:22
44 Defense
1 - 41% - 60% - 0:27
2 - 59% - 40% - 0:39
Last Minute Offensive - 0:48
Last Minute Defensive - 0:00
Total
Forward - 60:00
Defense - 60:00
|
% Time on Ice - Sabres
Lines # - Real PCT - Wanted PCT - Time Play
Normal Forward
1 - 31% - 40% - 16:16
2 - 28% - 30% - 14:22
3 - 21% - 20% - 11:05
4 - 19% - 10% - 9:56
Normal Defense
1 - 41% - 40% - 20:56
2 - 35% - 35% - 17:53
3 - 25% - 25% - 12:50
4 - 0% - 0% - 0:00
PP Forward
1 - 68% - 60% - 2:25
2 - 32% - 40% - 1:09
PP Defense
1 - 45% - 60% - 1:36
2 - 55% - 40% - 1:58
PK Forward
1 - 98% - 60% - 3:02
2 - 2% - 40% - 0:03
PK Defense
1 - 50% - 60% - 1:32
2 - 50% - 40% - 1:33
PK3 Forward
1 - 0% - 60%
2 - 0% - 40%
PK3 Defense
1 - 0% - 60%
2 - 0% - 40%
44 Forward
1 - 71% - 60% - 0:47
2 - 29% - 40% - 0:19
44 Defense
1 - 67% - 60% - 0:44
2 - 33% - 40% - 0:22
Last Minute Offensive - 0:00
Last Minute Defensive - 0:36
Total
Forward - 60:00
Defense - 60:00
|
Play-by-Play
1st period
0:01 of 1st period - Evgeni Malkin wins face-off versus Eric Staal in neutral zone.
0:11 of 1st period - Nino Niederreiter is hit by Sami Vatanen.
0:43 of 1st period - Snap shot by Kyle Okposo.
0:43 of 1st period - Shot Misses the Net.
0:45 of 1st period - Slapshot by Nikita Zaitsev.
0:45 of 1st period - Shot Misses the Net.
1:19 of 1st period - Erik Johnson is hit by Jamie Arniel.
2:11 of 1st period - Snap shot by Kevin Labanc.
2:11 of 1st period - Stopped by John Gibson with a rebound.
2:13 of 1st period - Slapshot by Erik Johnson.
2:13 of 1st period - Stopped by John Gibson with a rebound.
2:15 of 1st period - Snap shot by Erik Johnson.
2:15 of 1st period - Shot Misses the Net.
2:17 of 1st period - Slapshot by Sami Vatanen.
2:17 of 1st period - Shot Misses the Net.
2:19 of 1st period - Wrist shot by Kevin Labanc.
2:19 of 1st period - Shot Blocked by Hampus Lindholm.
2:21 of 1st period - Slapshot by Sami Vatanen.
2:21 of 1st period - Deflect By Jake DeBrusk.
2:21 of 1st period - Shot Misses the Net.
2:21 of 1st period - Puck is out of play.
2:22 of 1st period - Logan Couture wins face-off versus Patrik Berglund in Sabres zone.
2:48 of 1st period - Christian Folin is hit by Kyle Okposo and loses puck.
3:36 of 1st period - Wrist shot by Patrik Berglund.
3:36 of 1st period - Goal by Patrik Berglund - Flames : 1 - Sabres : 0.
3:37 of 1st period - Eric Staal wins face-off versus Evgeni Malkin in neutral zone.
3:48 of 1st period - Snap shot by Eric Staal.
3:48 of 1st period - Shot Blocked by Michael Matheson.
3:50 of 1st period - Wrist shot by Esa Lindell.
3:50 of 1st period - Deflect By Brad Marchand.
3:50 of 1st period - Shot Misses the Net.
3:50 of 1st period - Puck is out of play.
3:51 of 1st period - Patrik Berglund wins face-off versus Logan Couture in Sabres zone.
3:56 of 1st period - Snap shot by Patrik Berglund.
3:56 of 1st period - Stopped by John Gibson with a rebound.
4:25 of 1st period - Ben Hutton is hit by Brad Marchand.
5:36 of 1st period - Brian Ferlin is hit by Eric Staal and loses puck.
5:37 of 1st period - Brian Ferlin from Sabres is injured at 5:37 of 1st period (Back Spasms).
5:38 of 1st period - Logan Couture wins face-off versus Patrik Berglund in Sabres zone.
5:38 of 1st period - Logan Couture is hit by Patrik Berglund.
5:50 of 1st period - Snap shot by Patrik Berglund.
5:50 of 1st period - Stopped by John Gibson with a rebound.
5:52 of 1st period - Wrist shot by Tanner Pearson.
5:52 of 1st period - Stopped by John Gibson without a rebound.
5:53 of 1st period - Evgeni Malkin wins face-off versus Bryan Rust in Sabres zone.
6:19 of 1st period - Christian Folin is hit by Timo Meier and loses puck.
6:48 of 1st period - Snap shot by Anders Lee.
6:48 of 1st period - Stopped by John Gibson without a rebound.
6:49 of 1st period - Evgeni Malkin wins face-off versus Eric Staal in Sabres zone.
6:58 of 1st period - Snap shot by Tyler Johnson.
6:58 of 1st period - Shot Misses the Net.
8:02 of 1st period - Sami Vatanen is hit by Nino Niederreiter and loses puck.
8:33 of 1st period - Slapshot by Sami Vatanen.
8:33 of 1st period - Stopped by John Gibson with a rebound.
8:56 of 1st period - Wrist shot by Patrik Berglund.
8:56 of 1st period - Stopped by John Gibson without a rebound.
8:57 of 1st period - Evgeni Malkin wins face-off versus Patrik Berglund in Sabres zone.
9:09 of 1st period - Off-side.
9:10 of 1st period - Eric Staal wins face-off versus Evgeni Malkin in neutral zone.
9:30 of 1st period - Minor Penalty to Christian Folin for Holding Stick.
9:31 of 1st period - Evgeni Malkin wins face-off versus Patrik Berglund in Flames zone.
9:41 of 1st period - Wrist shot by Nino Niederreiter.
9:41 of 1st period - Stopped by Christopher Gibson without a rebound.
9:42 of 1st period - Evgeni Malkin wins face-off versus Patrik Berglund in Flames zone.
10:09 of 1st period - Erik Johnson is hit by Timo Meier and loses puck.
10:36 of 1st period - Snap shot by David Ullstrom.
10:36 of 1st period - Stopped by John Gibson without a rebound.
10:37 of 1st period - Bryan Rust wins face-off versus Evgeni Malkin in Sabres zone.
11:02 of 1st period - Sam Gagner is hit by David Savard and loses puck.
11:30 of 1st period - Penalty to Christian Folin is over, Christian Folin is back on ice.
12:01 of 1st period - Kevin Labanc is hit by Tyler Johnson.
12:39 of 1st period - Slapshot by Eric Staal.
12:39 of 1st period - Shot Blocked by Tyler Johnson.
12:48 of 1st period - Icing by Kevin Shattenkirk.
12:49 of 1st period - Evgeni Malkin wins face-off versus Patrik Berglund in Sabres zone.
13:38 of 1st period - Wrist shot by Jimmy Hayes.
13:38 of 1st period - Stopped by John Gibson with a rebound.
13:50 of 1st period - Snap shot by Patrik Berglund.
13:50 of 1st period - Shot Blocked by Nikita Zaitsev.
14:20 of 1st period - Wrist shot by Jamie Arniel.
14:20 of 1st period - Stopped by Christopher Gibson with a rebound.
14:38 of 1st period - Patrik Berglund is hit by Nate Schmidt and loses puck.
14:54 of 1st period - Snap shot by Jimmy Hayes.
14:54 of 1st period - Shot Misses the Net.
14:56 of 1st period - Slapshot by Patrik Berglund.
14:56 of 1st period - Stopped by John Gibson without a rebound.
14:57 of 1st period - Logan Couture wins face-off versus Eric Staal in Sabres zone.
15:24 of 1st period - Kevin Labanc is hit by Kevin Shattenkirk and loses puck.
16:49 of 1st period - Hampus Lindholm is hit by Brad Marchand and loses puck.
17:10 of 1st period - Evgeni Malkin is hit by Anders Lee and loses puck.
19:05 of 1st period - Icing by Kevin Labanc.
19:06 of 1st period - Logan Couture wins face-off versus Eric Staal in Flames zone.
19:07 of 1st period - Snap shot by Joe Pavelski.
19:07 of 1st period - Stopped by Christopher Gibson without a rebound.
19:08 of 1st period - Logan Couture wins face-off versus Eric Staal in Flames zone.
19:17 of 1st period - Wrist shot by Logan Couture.
19:17 of 1st period - Shot Misses the Net.
19:19 of 1st period - Snap shot by Hampus Lindholm.
19:19 of 1st period - Deflect By Joe Pavelski.
19:19 of 1st period - Goal by Joe Pavelski - Flames : 1 - Sabres : 1.
19:20 of 1st period - Evgeni Malkin wins face-off versus Brad Marchand in neutral zone.
19:25 of 1st period - Snap shot by Tyler Johnson.
19:25 of 1st period - Deflect By Evgeni Malkin.
19:25 of 1st period - Shot Blocked by Erik Johnson.
19:25 of 1st period - Puck is out of play.
19:26 of 1st period - Eric Staal wins face-off versus Evgeni Malkin in Flames zone.
19:35 of 1st period - Snap shot by Evgeni Malkin.
19:35 of 1st period - Shot Blocked by Erik Johnson.
Goals for this period are 1 for Flames vs 1 for Sabres.
Shots for this period are 12 for Flames vs 4 for Sabres.
2nd period
0:01 of 2nd period - Eric Staal wins face-off versus Evgeni Malkin in neutral zone.
0:16 of 2nd period - Wrist shot by Nino Niederreiter.
0:16 of 2nd period - Stopped by Christopher Gibson without a rebound.
0:17 of 2nd period - Logan Couture wins face-off versus Patrik Berglund in Flames zone.
1:13 of 2nd period - Erik Johnson is hit by Hampus Lindholm and loses puck.
1:25 of 2nd period - Icing by Kevin Labanc.
1:26 of 2nd period - Anders Lee wins face-off versus Jamie Arniel in Flames zone.
1:31 of 2nd period - Slapshot by Sami Vatanen.
1:31 of 2nd period - Stopped by John Gibson without a rebound.
1:32 of 2nd period - Jamie Arniel wins face-off versus Anders Lee in Sabres zone.
1:43 of 2nd period - Snap shot by Kyle Palmieri.
1:43 of 2nd period - Stopped by John Gibson without a rebound.
1:44 of 2nd period - Evgeni Malkin wins face-off versus Eric Staal in Sabres zone.
1:55 of 2nd period - Snap shot by Brad Marchand.
1:55 of 2nd period - Stopped by John Gibson without a rebound.
1:56 of 2nd period - Eric Staal wins face-off versus Evgeni Malkin in Sabres zone.
2:49 of 2nd period - Snap shot by Kevin Labanc.
2:49 of 2nd period - Shot Hit the Post.
3:50 of 2nd period - Snap shot by Logan Couture.
3:50 of 2nd period - Shot Misses the Net.
4:05 of 2nd period - Slapshot by Sam Gagner.
4:05 of 2nd period - Shot Blocked by Sami Vatanen.
4:07 of 2nd period - Snap shot by Kyle Okposo.
4:07 of 2nd period - Shot Blocked by Kevin Labanc.
4:09 of 2nd period - Slapshot by Michael Matheson.
4:09 of 2nd period - Stopped by Christopher Gibson without a rebound.
4:10 of 2nd period - William Karlsson wins face-off versus Eric Staal in Flames zone.
4:11 of 2nd period - Wrist shot by Sam Gagner.
4:11 of 2nd period - Stopped by Christopher Gibson with a rebound.
4:13 of 2nd period - Wrist shot by Ben Hutton.
4:13 of 2nd period - Deflect By Kyle Okposo.
4:13 of 2nd period - Shot Misses the Net.
4:13 of 2nd period - Puck is out of play.
4:14 of 2nd period - Sam Gagner wins face-off versus Eric Staal in Flames zone.
4:17 of 2nd period - Snap shot by Kyle Okposo.
4:17 of 2nd period - Shot Blocked by Esa Lindell.
4:21 of 2nd period - Wrist shot by Kyle Okposo.
4:21 of 2nd period - Stopped by Christopher Gibson with a rebound.
4:23 of 2nd period - Slapshot by William Karlsson.
4:23 of 2nd period - Shot Blocked by Esa Lindell.
4:25 of 2nd period - Slapshot by Ben Hutton.
4:25 of 2nd period - Shot Blocked by Esa Lindell.
4:27 of 2nd period - Snap shot by Michael Matheson.
4:27 of 2nd period - Shot Blocked by Brad Marchand.
6:56 of 2nd period - Snap shot by Bryan Rust.
6:56 of 2nd period - Shot Blocked by Nikita Zaitsev.
7:30 of 2nd period - Timo Meier is hit by Christian Folin and loses puck.
8:09 of 2nd period - Brad Marchand is hit by Drew Miller and loses puck.
8:39 of 2nd period - Logan Couture is hit by Colby Robak.
9:03 of 2nd period - Michael Matheson is hit by Jake DeBrusk and loses puck.
9:14 of 2nd period - Michael Matheson is hit by Jake DeBrusk and loses puck.
9:25 of 2nd period - Snap shot by Brad Marchand.
9:25 of 2nd period - Stopped by John Gibson without a rebound.
9:26 of 2nd period - William Karlsson wins face-off versus Eric Staal in Sabres zone.
9:31 of 2nd period - Snap shot by Bryan Rust.
9:31 of 2nd period - Stopped by John Gibson without a rebound.
9:32 of 2nd period - Bryan Rust wins face-off versus Kyle Okposo in Sabres zone.
9:35 of 2nd period - Snap shot by Brad Marchand.
9:35 of 2nd period - Stopped by John Gibson with a rebound.
9:43 of 2nd period - Slapshot by Eric Staal.
9:43 of 2nd period - Shot Blocked by Kevin Shattenkirk.
9:45 of 2nd period - Slapshot by Bryan Rust.
9:45 of 2nd period - Deflect By Eric Staal.
9:45 of 2nd period - Goal by Eric Staal - Flames : 2 - Sabres : 1.
9:46 of 2nd period - Eric Staal wins face-off versus Evgeni Malkin in neutral zone.
10:01 of 2nd period - Snap shot by Eric Staal.
10:01 of 2nd period - Stopped by John Gibson without a rebound.
10:02 of 2nd period - Patrik Berglund wins face-off versus Logan Couture in Sabres zone.
10:03 of 2nd period - Snap shot by Tanner Pearson.
10:03 of 2nd period - Stopped by John Gibson without a rebound.
10:04 of 2nd period - Logan Couture wins face-off versus Patrik Berglund in Sabres zone.
10:38 of 2nd period - Minor Penalty to Erik Johnson for Tripping.
10:39 of 2nd period - Evgeni Malkin wins face-off versus Patrik Berglund in Flames zone.
11:31 of 2nd period - Minor Penalty to Joe Pavelski for High sticking.
11:32 of 2nd period - Eric Staal wins face-off versus Tyler Johnson in Sabres zone.
12:38 of 2nd period - Penalty to Erik Johnson is over, Erik Johnson is back on ice.
13:12 of 2nd period - Drew Miller is hit by Jimmy Hayes and loses puck.
13:31 of 2nd period - Penalty to Joe Pavelski is over, Joe Pavelski is back on ice.
14:14 of 2nd period - Wrist shot by Anders Lee.
14:14 of 2nd period - Stopped by John Gibson with a rebound.
14:20 of 2nd period - Slapshot by Kyle Palmieri.
14:20 of 2nd period - Stopped by John Gibson with a rebound.
14:22 of 2nd period - Wrist shot by Anders Lee.
14:22 of 2nd period - Shot Misses the Net.
15:06 of 2nd period - Wrist shot by David Ullstrom.
15:06 of 2nd period - Stopped by John Gibson with a rebound.
15:08 of 2nd period - Slapshot by Sami Vatanen.
15:08 of 2nd period - Deflect By Jamie Arniel.
15:08 of 2nd period - Stopped by John Gibson without a rebound.
15:09 of 2nd period - William Karlsson wins face-off versus Eric Staal in Sabres zone.
15:18 of 2nd period - Snap shot by Eric Staal.
15:18 of 2nd period - Stopped by John Gibson without a rebound.
15:19 of 2nd period - Eric Staal wins face-off versus William Karlsson in Sabres zone.
15:28 of 2nd period - Snap shot by Esa Lindell.
15:28 of 2nd period - Stopped by John Gibson without a rebound.
15:29 of 2nd period - William Karlsson wins face-off versus Eric Staal in Sabres zone.
15:38 of 2nd period - Wrist shot by Eric Staal.
15:38 of 2nd period - Stopped by John Gibson without a rebound.
15:39 of 2nd period - William Karlsson wins face-off versus Eric Staal in Sabres zone.
15:44 of 2nd period - Slapshot by Kevin Shattenkirk.
15:44 of 2nd period - Deflect By Esa Lindell.
15:44 of 2nd period - Stopped by Christopher Gibson without a rebound.
15:45 of 2nd period - Eric Staal wins face-off versus William Karlsson in Flames zone.
16:12 of 2nd period - Hampus Lindholm is hit by Tanner Pearson and loses puck.
17:09 of 2nd period - Icing by Erik Johnson.
17:10 of 2nd period - Logan Couture wins face-off versus Anders Lee in Flames zone.
18:28 of 2nd period - Snap shot by Brad Marchand.
18:28 of 2nd period - Stopped by John Gibson without a rebound.
18:29 of 2nd period - Eric Staal wins face-off versus Evgeni Malkin in Sabres zone.
19:05 of 2nd period - Backhand shot by Patrik Berglund.
19:05 of 2nd period - Shot Misses the Net.
19:07 of 2nd period - Snap shot by Tanner Pearson.
19:07 of 2nd period - Shot Misses the Net.
19:09 of 2nd period - Slapshot by Tanner Pearson.
19:09 of 2nd period - Shot Misses the Net.
19:25 of 2nd period - Snap shot by Kevin Shattenkirk.
19:25 of 2nd period - Goal by Kevin Shattenkirk - Flames : 2 - Sabres : 2.
19:26 of 2nd period - Eric Staal wins face-off versus Nino Niederreiter in neutral zone.
19:31 of 2nd period - Wrist shot by Eric Staal.
19:31 of 2nd period - Stopped by John Gibson with a rebound.
19:40 of 2nd period - Nate Schmidt is hit by Sami Vatanen.
19:42 of 2nd period - Snap shot by Nino Niederreiter.
19:42 of 2nd period - Stopped by Christopher Gibson with a rebound.
19:52 of 2nd period - Erik Johnson is hit by Timo Meier and loses puck.
Goals for this period are 1 for Flames vs 1 for Sabres.
Shots for this period are 18 for Flames vs 7 for Sabres.
3rd period
0:01 of 3rd period - Evgeni Malkin wins face-off versus Eric Staal in neutral zone.
0:29 of 3rd period - Icing by Kevin Shattenkirk.
0:30 of 3rd period - Patrik Berglund wins face-off versus Joe Pavelski in Sabres zone.
0:35 of 3rd period - Snap shot by Tanner Pearson.
0:35 of 3rd period - Shot Misses the Net.
0:53 of 3rd period - Slapshot by Jimmy Hayes.
0:53 of 3rd period - Shot Misses the Net.
0:55 of 3rd period - Wrist shot by Patrik Berglund.
0:55 of 3rd period - Deflect By Tanner Pearson.
0:55 of 3rd period - Shot Misses the Net.
0:55 of 3rd period - Puck is out of play.
0:56 of 3rd period - Evgeni Malkin wins face-off versus Eric Staal in Sabres zone.
1:23 of 3rd period - Icing by Nate Schmidt.
1:24 of 3rd period - Sam Gagner wins face-off versus Colin Wilson in Sabres zone.
1:35 of 3rd period - Backhand shot by Esa Lindell.
1:35 of 3rd period - Stopped by John Gibson without a rebound.
1:36 of 3rd period - Eric Staal wins face-off versus Evgeni Malkin in Sabres zone.
2:03 of 3rd period - Hampus Lindholm is hit by Tanner Pearson and loses puck.
2:32 of 3rd period - Slapshot by Hampus Lindholm.
2:32 of 3rd period - Shot Blocked by Esa Lindell.
2:34 of 3rd period - Slapshot by Kevin Shattenkirk.
2:34 of 3rd period - Stopped by Christopher Gibson with a rebound.
2:36 of 3rd period - Snap shot by William Karlsson.
2:36 of 3rd period - Shot Misses the Net.
2:43 of 3rd period - Minor Penalty to Jake DeBrusk for Delaying the game.
2:44 of 3rd period - Evgeni Malkin wins face-off versus Patrik Berglund in Flames zone.
3:25 of 3rd period - Wrist shot by Tyler Johnson.
3:25 of 3rd period - Goal by Tyler Johnson - Flames : 2 - Sabres : 3.
3:26 of 3rd period - Logan Couture wins face-off versus Eric Staal in neutral zone.
3:56 of 3rd period - Tanner Pearson is hit by Evgeni Malkin.
4:00 of 3rd period - Esa Lindell is hit by Nikita Zaitsev and loses puck.
4:37 of 3rd period - Wrist shot by Kyle Palmieri.
4:37 of 3rd period - Stopped by John Gibson with a rebound.
4:39 of 3rd period - Wrist shot by Kyle Palmieri.
4:39 of 3rd period - Stopped by John Gibson with a rebound.
5:21 of 3rd period - Kevin Shattenkirk is hit by Brad Marchand and loses puck.
5:28 of 3rd period - Wrist shot by Brad Marchand.
5:28 of 3rd period - Deflect By Joe Pavelski.
5:28 of 3rd period - Shot Misses the Net.
5:28 of 3rd period - Puck is out of play.
5:29 of 3rd period - Evgeni Malkin wins face-off versus Patrik Berglund in Sabres zone.
5:29 of 3rd period - Evgeni Malkin is hit by Colby Robak.
5:32 of 3rd period - Minor Penalty to Evgeni Malkin for Tripping.
5:33 of 3rd period - Eric Staal wins face-off versus Jamie Arniel in Sabres zone.
6:15 of 3rd period - Kevin Shattenkirk is hit by Jake DeBrusk.
7:32 of 3rd period - Penalty to Evgeni Malkin is over, Evgeni Malkin is back on ice.
7:59 of 3rd period - Snap shot by Joe Pavelski.
7:59 of 3rd period - Shot Misses the Net.
8:36 of 3rd period - Nikita Zaitsev is hit by Sami Vatanen and loses puck.
10:42 of 3rd period - Erik Johnson is hit by Michael Matheson and loses puck.
11:22 of 3rd period - Tyler Johnson is hit by Anders Lee and loses puck.
11:33 of 3rd period - Slapshot by Kevin Shattenkirk.
11:33 of 3rd period - Shot Misses the Net.
11:35 of 3rd period - Slapshot by Hampus Lindholm.
11:35 of 3rd period - Shot Misses the Net.
11:37 of 3rd period - Snap shot by Joe Pavelski.
11:37 of 3rd period - Shot Blocked by Erik Johnson.
11:49 of 3rd period - Brad Marchand is hit by Timo Meier and loses puck.
12:04 of 3rd period - Snap shot by Patrik Berglund.
12:04 of 3rd period - Stopped by John Gibson with a rebound.
12:15 of 3rd period - Jimmy Hayes is hit by Drew Miller and loses puck.
13:18 of 3rd period - Wrist shot by Kevin Labanc.
13:18 of 3rd period - Shot Misses the Net.
13:24 of 3rd period - Jamie Arniel is hit by Christian Folin and loses puck.
14:47 of 3rd period - Nate Schmidt is hit by Erik Johnson and loses puck.
14:52 of 3rd period - Snap shot by Kevin Labanc.
14:52 of 3rd period - Shot Misses the Net.
14:54 of 3rd period - Slapshot by Esa Lindell.
14:54 of 3rd period - Shot Blocked by Joe Pavelski.
15:08 of 3rd period - Nino Niederreiter is hit by Patrik Berglund and loses puck.
15:29 of 3rd period - Michael Matheson is hit by Brad Marchand and loses puck.
15:51 of 3rd period - Slapshot by Jimmy Hayes.
15:51 of 3rd period - Shot Misses the Net.
17:10 of 3rd period - David Savard is hit by Jamie Arniel and loses puck.
17:24 of 3rd period - Nino Niederreiter is hit by Tanner Pearson and loses puck.
17:37 of 3rd period - David Savard is hit by Drew Miller and loses puck.
19:05 of 3rd period - Flames, Christopher Gibson is pulled from the net.
19:23 of 3rd period - Snap shot by Anders Lee.
19:23 of 3rd period - Stopped by John Gibson with a rebound.
19:25 of 3rd period - Snap shot by Jimmy Hayes.
19:25 of 3rd period - Stopped by John Gibson without a rebound.
19:26 of 3rd period - Lindy Ruff call a timeout for Flames.
19:26 of 3rd period - Logan Couture wins face-off versus Anders Lee in Sabres zone.
19:32 of 3rd period - Minor Penalty to Kevin Shattenkirk for Hooking.
19:33 of 3rd period - Eric Staal wins face-off versus Jamie Arniel in Sabres zone.
19:45 of 3rd period - Wrist shot by Jimmy Hayes.
19:45 of 3rd period - Goal by Jimmy Hayes - Flames : 3 - Sabres : 3.
19:45 of 3rd period - Christopher Gibson from Flames was sent back in the game.
19:46 of 3rd period - Colin Wilson wins face-off versus William Karlsson in neutral zone.
Goals for this period are 1 for Flames vs 1 for Sabres.
Shots for this period are 7 for Flames vs 2 for Sabres.
Overtime #1
0:01 of 1st overtime period - Tyler Johnson wins face-off versus Eric Staal in neutral zone.
0:03 of 1st overtime period - Minor Penalty to Nino Niederreiter for Hooking.
0:04 of 1st overtime period - Eric Staal wins face-off versus Jamie Arniel in Sabres zone.
0:04 of 1st overtime period - Snap shot by Bryan Rust.
0:04 of 1st overtime period - Goal by Bryan Rust - Flames : 4 - Sabres : 3.
Goals for this period are 1 for Flames vs 0 for Sabres.
Shots for this period are 1 for Flames vs 0 for Sabres.